 Dungeon Crawl Stone Soup version 0.29.1-15-g9cfb28693d (webtiles) character file.

Game seed: 1862785548553721523

7 Sharkman1231 the Firebug (level 1, 0/14 HPs)
             Began as a Draconian Fire Elementalist on Apr 15, 2023.
             Slain by an endoplasm (2 damage)
             ... on level 1 of the Dungeon.
             The game lasted 00:00:40 (408 turns).

Sharkman1231 the Firebug (DrFE)                      Turns: 408, Time: 00:00:41

Health: 0/14       AC:  5    Str: 10    XL:     1   Next: 91%
Magic:  0/3        EV: 12    Int: 15    God:
Gold:   34         SH:  0    Dex: 11    Spells: 3/4 levels left

rFire   . . .      SeeInvis .   (no weapon)
rCold   . . .      Faith    .   (no shield)
rNeg    . . .      Spirit   .   (body armour unavailable)
rPois   .          Reflect  .   (helmet restricted)
rElec   .          Harm     .   c - +0 cloak
rCorr   .          Rampage  .   (no gloves)
Will    .....                   (no boots)
Stlth   ++........              (no amulet)
HPRegen 0.04/turn               (no ring)
MPRegen 0.08/turn               (no ring)

@: slowed, very slow
A: AC +4, unfitting armour, cold-blooded
a: no special abilities


You were on level 1 of the Dungeon.
You visited 1 branch of the dungeon, and saw 1 of its levels.

You collected 34 gold pieces.

Inventory:

Armour
 c - a +0 cloak (worn)
Jewellery
 b - a +4 ring of evasion
Scrolls
 d - a scroll of teleportation {unknown}
Potions
 a - a potion of magic


   Skills:
 + Level 1.9 Dodging
 + Level 1.9 Stealth
 + Level 2.1 Spellcasting
 + Level 1.2 Conjurations
 + Level 3.1 Fire Magic


You had 3 spell levels left.
You knew the following spells:

 Your Spells              Type           Power      Damage    Failure   Level
a - Foxfire               Conj/Fire      32%        2x1d5     9%          1

Your spell library contained the following spells:

 Spells                   Type           Power      Damage    Failure   Level
 Scorch                   Fire           20%        2d6       10%         2
 Conjure Flame            Conj/Fire      8%         6-21      26%         3
 Inner Flame              Hex/Fire       6%         N/A       34%         3
 Flame Wave               Conj/Fire      8%         2d5       65%         4


Dungeon Overview and Level Annotations

Branches:
Dungeon (1/15)

Altars:


Innate Abilities, Weirdness & Mutations

Your plain brown scales are hard. (AC +4)
You cannot fit into any form of body armour.
You are cold-blooded and may be slowed by cold attacks.


Message History

You conjure some foxfire!
The kobold hits you but does no damage.
You completely miss the kobold.
The foxfire hits the kobold but does no damage.
The foxfire hits the kobold.
The kobold is severely wounded.
The kobold hits you but does no damage.
Okay, then.
You closely miss the kobold.
The kobold is severely wounded.
The kobold hits you but does no damage.
You hit the kobold but do no damage.
The kobold is severely wounded.
The kobold hits you but does no damage.
You hit the kobold.
You kill the kobold!
The endoplasm attacks as you move away! The endoplasm closely misses you.
There is an open door here.
The endoplasm attacks as you move away!
The endoplasm hits you but does no damage.
You hit the endoplasm but do no damage.
You tail-slap the endoplasm, but do no damage.
The endoplasm hits you.
Unknown command.
You are too injured to fight recklessly!
Unknown command.
Casting: Foxfire (safe; 9% risk of failure)
Confirm with . or Enter, or press ? or * to list all spells.
You conjure some foxfire!
The endoplasm freezes you.
You are frozen.
* * * LOW HITPOINT WARNING * * *
You feel yourself slow down.
Unknown command.
The foxfire hits the endoplasm but does no damage.
The foxfire hits the endoplasm.
The endoplasm is heavily wounded.
You hit the endoplasm.
The endoplasm is severely wounded.
The endoplasm hits you.
You die...

...[#
#.########.#######
# ....#
###..........# #
....# #.######.#.#
# ....# #.#
#.#.####### #####
#.# #.#........
#.# #...).....#
#.# #########.#
##########.# #.#
.........§@# #.#
.....†....J## #.#
............# #.#
#########...# #.#
#...# #### ##'##
....###.# #......#
#.....)#


You could see an endoplasm.

Vanquished Creatures
  A dart slug (D:1)
  A giant cockroach (D:1)
  A hobgoblin (D:1)
  A bat (D:1)
  A kobold (D:1)
  A rat (D:1)
6 creatures vanquished.

Vanquished Creatures (others)
  13 foxfires (D:1)
13 creatures vanquished.

Grand Total: 19 creatures vanquished

Notes
Turn   | Place    | Note
-------+----------+-------------------------------------------
     0 | D:1      | Sharkman1231 the Draconian Fire Elementalist began the
                  | quest for the Orb.
     0 | D:1      | Reached XP level 1. HP: 14/14 MP: 3/3
    45 | D:1      | Found a faded altar of an unknown god.
   408 | D:1      | Slain by an endoplasm

Illustrated notes

Levels and vault maps discovered:
D:1:      shiori_shiawase, layout_basic, hellmonk_ecumenical_altar_crossroads,
          chequers_mini_garden

Action                   || total
-------------------------++-------
Melee: Unarmed           ||    22
       Tailslap          ||     3
 Cast: Foxfire           ||     9
Armor: Skin              ||    15
Dodge: Dodged            ||     8
